 Dungeon Crawl Stone Soup version 0.19.0-19-g8c6edcc (webtiles) character file.

130 Haldmier the Slasher (level 4, -11/29 HPs)
             Began as a High Elf Skald on Nov 13, 2016.
             Mangled by an orc warrior
             ... wielding a +0 trident
              (14 damage)
             ... on level 3 of the Dungeon.
             The game lasted 00:10:39 (3348 turns).

Haldmier the Slasher (High Elf Skald)               Turns: 3348, Time: 00:10:40

Health: -11/29     AC:  3    Str: 12    XL:     4   Next: 89%
Magic:  8/8        EV: 11    Int: 15    God:
Gold:   213        SH:  0    Dex: 15    Spells: 3 memorised, 2 levels left

rFire  . . .     SeeInvis .     a - +0 falchion
rCold  . . .     Gourm    .     b - +0 leather armour
rNeg   . . .     Faith    .     (no shield)
rPois  .         Spirit   .     (no helmet)
rElec  .         Reflect  .     (no cloak)
rCorr  .         Harm     .     (no gloves)
MR     .....                    (no boots)
Stlth  +.........               (no amulet)
                                (no ring)
                                (no ring)

@: no status effects
A: no striking features
a: no special abilities


You were on level 3 of the Dungeon.
You were hungry.

You visited 1 branch of the dungeon, and saw 4 of its levels.

You collected 213 gold pieces.

Inventory:

Hand Weapons
 a - a +0 falchion (weapon)
Missiles
 e - 39 stones (quivered)
Armour
 b - a +0 leather armour (worn)
 q - a +0 ring mail
Scrolls
 i - 5 scrolls of identify {unknown}
 k - a scroll of recharging {unknown}
 n - 3 scrolls of remove curse {unknown}
 o - 2 scrolls of magic mapping {unknown}
 p - a scroll of teleportation {unknown}
 r - a scroll of enchant armour {unknown}
 s - a scroll of fear {unknown}
 t - a scroll of amnesia {unknown}
 u - a scroll of noise {unknown}
Potions
 g - a potion of haste {unknown}
 h - 2 potions of heal wounds {unknown}
 l - 2 potions of curing {unknown}
 m - a potion of cancellation {unknown}
 v - a potion of flight {unknown}
 w - a potion of brilliance {unknown}
Books
 c - a book of Battle

   Spells                             Type                      Level
   a - Infusion                       Charms                       1
   b - Shroud of Golubria             Charms/Translocation         2
   c - Song of Slaying                Charms                       2
   d - Spectral Weapon                Hexes/Charms                 3
   e - Regeneration                   Charms/Necromancy            3
Comestibles
 d - 4 bread rations
 f - a beef jerky
 j - a slice of pizza


   Skills:
 - Level 2.0 Fighting
 + Level 4.8 Long Blades
 - Level 0.8 Armour
 - Level 1.1 Dodging
 + Level 0.5 Stealth
 - Level 2.5 Spellcasting
 + Level 1.4 Hexes
 - Level 3.6 Charms
 + Level 2.3 Translocations


You had 2 spell levels left.
You knew the following spells:

 Your Spells              Type           Power        Failure   Level  Hunger
a - Infusion              Chrm           ##..         8%          1    #......
b - Shroud of Golubria    Chrm/Tloc      ##........   14%         2    ###....
c - Spectral Weapon       Hex/Chrm       #.......     30%         3    ###....


Dungeon Overview and Level Annotations

Branches:
Dungeon (4/15)
 Temple: D:4-7

Altars:


Message History

There is an open door here.
There is a stone staircase leading down here.
Found a scroll labeled XERUOTS CAUFF.
There is a stone staircase leading down here.
Found a dagger.
Found 14 gold pieces.
t - a scroll labeled XERUOTS CAUFF You see here a dagger.
You now have 213 gold pieces (gained 14).
You open the door.
Found a crooked glowing staff.
Found a stone staircase leading up.
There is an open door here.
There is a stone staircase leading up here.
You climb upwards.
The orc warrior hits you with a trident!!
Ouch! That really hurt!
* * * LOW HITPOINT WARNING * * *
There is a stone staircase leading down, spattered with blood here.
The orc warrior hits you from afar with a trident!
You die...

......# ##.###......##.......#
.####.# #...##.####.......####
.##.#.# #...##.####.#..##.#
....<.# #.................#####
..#.#.#####.........#.#..##.##...
....#.........<.....#.#..##.##...
..............)...........)......
.#...##.............#.#..#..##...
#......####...>รท@...#.#.#...##...
#.#.##.# #...o>....#.......#####
#.#.##.####...#######.#..>.##
....##.##......##........#.#
#.####.##.##.#.##..........#####
#......##.##.#.##..............##
#########.#..................#...
########.#.....#.........##.#.##
#..............#.........##...#


You could see an orc warrior.

Vanquished Creatures
  A hound (D:4)
  3 adders
  2 oozes
  A worm (D:2)
  3 dart slugs
  A leopard gecko (D:1)
  An orc (D:3)
  6 bats
  3 giant cockroaches
  8 goblins
  6 hobgoblins
  9 kobolds
  2 frilled lizards
  10 rats
56 creatures vanquished.

Notes
Turn   | Place    | Note
-------+----------+-------------------------------------------
     0 | D:1      | Haldmier the High Elf Skald began the quest for the Orb.
     0 | D:1      | Reached XP level 1. HP: 14/14 MP: 4/4
   122 | D:1      | Reached skill level 3 in Long Blades
   237 | D:1      | Reached XP level 2. HP: 19/19 MP: 6/6
   753 | D:1      | Reached skill level 4 in Long Blades
   760 | D:1      | Learned a level 2 spell: Shroud of Golubria
  1166 | D:1      | Reached XP level 3. HP: 17/24 MP: 2/7
  1404 | D:2      | Reached skill level 1 in Translocations
  1613 | D:2      | Learned a level 3 spell: Spectral Weapon
  1986 | D:2      | Reached XP level 4. HP: 23/29 MP: 8/8
  2444 | D:3      | Reached skill level 1 in Hexes
  3008 | D:3      | Noticed an orc warrior
  3155 | D:4      | Noticed an ogre
  3348 | D:3      | Mangled by an orc warrior

Skill      XL: |  1  2  3  4 |
---------------+-------------+-----
Long Blades    | 3 4 |  4.8
Translocations | 1 2 |  2.3
Hexes          | 1 |  1.4
Fighting       | |  2.0
Armour         | |  0.8
Dodging        | |  1.1
Stealth        | |  0.5
Spellcasting   | |  2.5
Charms         | |  3.6

Action                   |  1- 3 |  4- 6 || total
-------------------------+-------+-------++-------
Melee: Falchion          |   110 |    58 ||   168
 Cast: Infusion          |    16 |     5 ||    21
       Shroud of Golubri |     4 |     6 ||    10
  Eat: Chunk             |     4 |     4 ||     8
Armor: Leather armour    |    28 |    17 ||    45
Dodge: Dodged            |    47 |    37 ||    84
       Rpst.: Falchion   |    13 |    13 ||    26
